 Dungeon Crawl Stone Soup version 0.24-a0-459-g225fefd530 (webtiles) character file.

Game seed: 4763736437845320211

123 Azzok the Firebug (level 5, 0/38 HPs)
             Began as a Hill Orc Fire Elementalist on June 29, 2019.
             Slain by an orc
             ... wielding a +0 club
              (5 damage)
             ... on level 3 of the Dungeon.
             The game lasted 00:04:13 (3349 turns).

Azzok the Firebug (Hill Orc Fire Elementalist)      Turns: 3349, Time: 00:04:14

Health: 0/38       AC:  3    Str: 11    XL:     5   Next: 7%
Magic:  4/8        EV: 12    Int: 16    God:
Gold:   113        SH:  0    Dex: 11    Spells: 5/9 levels left

rFire    . . .     SeeInvis .   c - +0 falchion
rCold    . . .     Gourm    .   (no shield)
rNeg     . . .     Faith    .   a - +1 robe
rPois    .         Spirit   .   (no helmet)
rElec    .         Reflect  .   (no cloak)
rCorr    .         Harm     .   (no gloves)
MR       .....                  (no boots)
Stlth    ++........             (no amulet)
HPRegen  0.12/turn              (no ring)
MPRegen  0.11/turn              (no ring)

@: no status effects
A: no striking features
a: no special abilities


You were on level 3 of the Dungeon.
You were hungry.

You visited 1 branch of the dungeon, and saw 3 of its levels.

You collected 113 gold pieces.

Inventory:

Hand Weapons
 c - a +0 falchion (weapon)
Armour
 a - a +1 robe (worn)
Potions
 j - 2 potions of degeneration {unknown}
 k - a potion of haste {unknown}
Comestibles
 h - 3 rations


   Skills:
 - Level 1.5 Dodging
 - Level 1.5 Stealth
 + Level 2.5 Spellcasting
 + Level 2.7 Conjurations
 + Level 4.4 Fire Magic


You had 5 spell levels left.
You knew the following spells:

 Your Spells              Type           Power        Failure   Level  Hunger
a - Flame Tongue          Conj/Fire      ##...        4%          1    #......
b - Conjure Flame         Conj/Fire      ##......     14%         3    ###....

Your spell library contained the following spells:

 Spells                   Type           Power        Failure   Level  Hunger
 Throw Flame              Conj/Fire      ##....       7%          2    ##.....
 Inner Flame              Hex/Fire       #.......     24%         3    ###....
 Sticky Flame             Conj/Fire      ##......     41%         4    #####..
 Fireball                 Conj/Fire      ##........   77%         5    ######.


Dungeon Overview and Level Annotations

Branches:
Dungeon (3/15)

Altars:
Qazlal

Annotations:
D:2 Sigmund


Message History

* * * LOW MAGIC WARNING * * *
The orc throws a boomerang.
The boomerang hits you.
* * * LOW HITPOINT WARNING * * *
The weapon returns to the orc!
The orc throws a boomerang.
The boomerang hits you.
* * * LOW HITPOINT WARNING * * *
The weapon returns to the orc!
The orc throws a boomerang.
The boomerang closely misses you.
The weapon returns to the orc!
The orc throws a boomerang.
The boomerang barely misses you.
The weapon returns to the orc!
You see here a short sword.
You see here a robe.
The orc throws a boomerang.
The boomerang hits you.
* * * LOW HITPOINT WARNING * * *
The weapon returns to the orc!
The orc is too close now for your liking.
The orc is too close now for your liking.
The orc hits you with a +0 club.
You die...

▒·▒▒▒▒▒▒▒▒▒▒▒▒ ▒·····▒·▒···▒
▒············▒ ▒·····▒·▒···▒
▒▒··▒▒▒▒▒▒▒▒▒·▒▒▒▒▒▒▒▒▒▒▒·▒▒·▒▒
▒·············▒·········▒·▒▒·▒▒
▒···▒▒▒▒▒▒▒▒··▒)▒▒▒▒▒▒▒·▒·▒▒···
▒······▒ ▒··▒·▒ ▒·▒·▒▒▒▒▒
▒▒▒·▒·▒▒·▒▒ ▒··▒·▒ ▒····)···
··········▒▒▒▒··▒·▒ ▒▒▒·▒▒▒▒▒
▒▒▒·▒·▒·········@·▒ ▒·▒
▒·▒·▒▒··▒▒▒▒·o▒▒▒▒▒▒▒▒▒▒▒·▒
▒·▒·▒▒▒·············o[····▒
▒·············▒▒▒▒▒▒▒▒▒▒▒▒▒
▒▒▒·········(·▒ ▒▒▒▒▒▒▒▒▒▒▒▒▒


You could see an orc.

Vanquished Creatures
  5 adders
  2 worms (D:2)
  A dart slug (D:2)
  A leopard gecko (D:1)
  11 orcs
  3 giant cockroaches
  6 goblins
  3 hobgoblins
  4 jackals (D:3)
  4 kobolds
  2 quokkas (D:2)
  5 bats
  6 frilled lizards
  5 rats
58 creatures vanquished.

Notes
Turn   | Place    | Note
-------+----------+-------------------------------------------
     0 | D:1      | Azzok the Hill Orc Fire Elementalist began the quest for
                  | the Orb.
     0 | D:1      | Reached XP level 1. HP: 14/14 MP: 3/3
   549 | D:1      | Reached XP level 2. HP: 14/20 MP: 0/4
  1541 | D:2      | Reached XP level 3. HP: 26/26 MP: 3/6
  1724 | D:2      | Learned a level 3 spell: Conjure Flame
  1794 | D:2      | Reached skill level 4 in Fire Magic
  1879 | D:2      | Reached XP level 4. HP: 13/33 MP: 0/7
  2160 | D:2      | Found a stormy altar of Qazlal.
  2629 | D:2      | Noticed Sigmund
  3261 | D:3      | Reached XP level 5. HP: 36/38 MP: 0/8
  3349 | D:3      | Slain by an orc

Levels and vault maps discovered:
D:1:      elethiomel_arrival_quiet, layout_basic, corexii_corridor_pit
D:2:      layout_loops_ring, nicolae_qazlal_general_emergency,
          wander_ebering_terrifying_dragon_lair, uniq_sigmund
D:3:      layout_loops_ring, first_ration, chequers_serial_rivers_micro_e

Skill      XL: |  1  2  3 |
---------------+----------+-----
Spellcasting   | 2 |  2.5
Conjurations   | 2 |  2.7
Fire Magic     | 4 |  4.4
Dodging        | |  1.5
Stealth        | |  1.5

Action                   |  1- 3 |  4- 6 || total
-------------------------+-------+-------++-------
Melee: Short sword       |     8 |       ||     8
       Unarmed           |     1 |       ||     1
       Falchion          |     6 |    17 ||    23
 Cast: Flame Tongue      |    50 |    51 ||   101
  Use: Potion            |     2 |       ||     2
       Scroll            |       |     5 ||     5
 Stab: Sleeping          |       |     1 ||     1
  Eat: Chunk             |     1 |     4 ||     5
       Ration            |     1 |       ||     1
Armor: Robe              |     6 |     9 ||    15
Dodge: Dodged            |    27 |    31 ||    58
       Rpst.: Falchion   |     6 |     6 ||    12

Table legend:
 A = Non-vault XP
 B = Vault XP
 C = Vault XP percentage of total XP
 D = Non-vault monster count
 E = Vault monster count
 F = Vault count percentage of total count
                 A         B        C        D         E       F
            +---------+---------+-------+---------+---------+-------
      Total |     175 |       1 |   0.6 |      57 |       1 |   1.7
            +---------+---------+-------+---------+---------+-------
        D:1 |      45 |       0 |   0.0 |      17 |       0 |   0.0
        D:2 |      82 |       1 |   1.2 |      22 |       1 |   4.3
        D:3 |      48 |       0 |   0.0 |      18 |       0 |   0.0
            +---------+---------+-------+---------+---------+-------
